[Event "Titled Tuesday Blitz June 21 Early 2022"]
[White "Alexiadis, Hristos"]
[Black "Sadhwani, Raunak"]
[WhiteFideId "4249623"]
[BlackFideId "35093487"]
[WhiteElo "2416"]
[BlackElo "2616"]
[Result "1/2-1/2"]
[Round "02"]
[TimeControl "180+1"]
[Date "2022.06.21"]
[WhiteClock "0:00:04"]
[BlackClock "0:00:09"]

1. e4 d6 2. d4 g6 3. Nc3 Bg7 4. Bg5 a6 5. Qd2 b5 6. a4 b4 7. Nd5 h6 8. Bh4 g5 9. Bg3 Nc6 10. c3 bxc3 11. bxc3 e6 12. Ne3 Nf6 13. Bd3 O-O 14. Ne2 a5 15. O-O Ba6 16. f3 Nh5 17. Bb5 Ne7 18. Bf2 Qc8 19. Rab1 Rd8 20. Rfc1 c6 21. Bd3 f5 22. exf5 exf5 23. Nc4 Qe6 24. Nb6 Bxd3 25. Qxd3 Rab8 26. Re1 Qf7 27. Nc4 Qd5 28. Ne3 Qf7 29. Nc4 Qd5 30. Ne3 Qe6 31. Nc4 Rxb1 32. Rxb1 Nd5 33. Re1 Qd7 34. Nxa5 Ra8 35. Nc4 Rxa4 36. Rb1 Ra8 37. Ne3 Nxe3 38. Bxe3 Re8 39. Bf2 Qf7 40. Re1 Ra8 41. Ng3 Nxg3 42. Bxg3 f4 43. Bf2 Re8 44. Rxe8+ Qxe8 45. h3 d5 46. Kf1 Qd7 47. Qe2 Kf7 48. Kg1 Qf5 49. Qd1 Bf6 50. Kf1 h5 51. Kg1 Kg7 52. Kf1 Qc8 53. Qe2 Qa8 54. Kg1 Qa1+ 55. Qe1 Qb2 56. Kf1 Kf7 57. Kg1 Qc2 58. Kf1 Kg6 59. Qe8+ Kg7 60. Qd7+ Kg6 61. Qe8+ Kg7 62. Qd7+ Kf8 63. Qxc6 Qd3+ 64. Kg1 Qf5 65. c4 dxc4 66. Qxc4 Kg7 67. Qc7+ Kg6 68. Qc1 Qd5 69. Qd1 Kg7 70. Qd3 Qd7 71. d5 g4 72. hxg4 hxg4 73. fxg4 Qxg4 74. d6 Qd7 75. Qd5 Kg6 76. Bd4 Bg5 77. Qg8+ Kh5 78. Qh8+ Kg6 79. Qe5 Qf7 80. Qe4+ Kh5 81. Qf3+ Kg6 82. Qe4+ Kh5 83. Qd3 Qe6 84. Qh3+ Qxh3 85. gxh3 Kg6 86. d7 Bd8 87. Kf2 Kf5 88. Kf3 Ke6 89. Kxf4 Kxd7 90. Kf5 Ke8 91. Kg6 Kf8 92. Be5 Kg8 93. Bf6 Bxf6 94. Kxf6 Kh8 95. h4 Kh7 96. h5 Kh6 97. Kf5 Kxh5 1/2-1/2


[Site "https://www.chess.com"]

[Event "Titled Tuesday Blitz June 21 Early 2022"]
[White "Alinasab, Mobina"]
[Black "Paravyan, David"]
[WhiteFideId "12528897"]
[BlackFideId "4194985"]
[WhiteElo "2031"]
[BlackElo "2569"]
[Result "0-1"]
[Round "02"]
[TimeControl "180+1"]
[Date "2022.06.21"]
[WhiteClock "0:00:02"]
[BlackClock "0:00:13"]

1. Nf3 Nf6 2. g3 g6 3. Bg2 Bg7 4. d4 d5 5. b3 O-O 6. O-O Bg4 7. Bb2 Bxf3 8. Bxf3 c6 9. c4 Ne4 10. Nc3 Nxc3 11. Bxc3 e6 12. e4 dxc4 13. bxc4 c5 14. e5 cxd4 15. Bxb7 dxc3 16. Bxa8 Na6 17. Bf3 Bxe5 18. Rc1 Nc5 19. Qe2 Qc7 20. Rfd1 Rb8 21. Rc2 Rb2 22. Rdc1 Bd4 23. Qd1 e5 24. Bd5 Kg7 25. Qf3 Qd7 26. h4 h5 27. Kg2 a5 28. Kg1 a4 29. Kg2 Qe7 30. Rxc3 Rxf2+ 31. Qxf2 Bxf2 32. Rf3 f5 33. Rxf2 Nd3 34. Rfc2 Nxc1 35. Rxc1 Qb4 36. Rc2 Qb1 37. Re2 Qc1 38. Be6 Kf6 39. Bd5 e4 40. Kf2 Ke5 41. Bf7 f4 42. Bxg6 fxg3+ 43. Kg2 e3 44. Bxh5 Kf4 45. Bf3 Qxc4 46. h5 a3 47. h6 Qf7 48. Rc2 Ke5 49. Kxg3 Qg6+ 50. Bg4 Qxc2 0-1


[Site "https://www.chess.com"]

[Event "Titled Tuesday Blitz June 21 Early 2022"]
[White "Al-Tarboush, Ward"]
[Black "Samadov, Read"]
[WhiteFideId "7601450"]
[BlackFideId "13417444"]
[WhiteElo "2249"]
[BlackElo "2084"]
[Result "0-1"]
[Round "02"]
[TimeControl "180+1"]
[Date "2022.06.21"]
[WhiteClock "0:01:24"]
[BlackClock "0:01:06"]

1. e4 c5 2. Nf3 d6 3. d4 cxd4 4. Nxd4 Nf6 5. Nc3 a6 6. h3 e6 7. g4 Be7 8. g5 Nfd7 9. h4 b5 10. Bg2 Bb7 11. f4 Nc6 12. Nxc6 Bxc6 13. f5 Qb6 14. Qf3 b4 15. Be3 Qa5 16. Ne2 exf5 17. Qf2 Bxe4 18. Bxe4 fxe4 19. Nd4 Ne5 20. O-O O-O 21. Nf5 Nf3+ 22. Qxf3 exf3 23. Nxe7+ Kh8 24. Rxf3 Rae8 25. Nf5 f6 26. Bd4 Re4 27. Raf1 Rg4+ 28. Kh2 Rxd4 29. Nxd4 Qe5+ 30. Rf4 fxg5 31. Nc6 Qxf4+ 32. Rxf4 Rxf4 33. hxg5 Rc4 34. Ne7 Rxc2+ 35. Kg3 Rxb2 36. Kg4 Rxa2 37. Kf5 b3 0-1


[Site "https://www.chess.com"]

[Event "Titled Tuesday Blitz June 21 Early 2022"]
[White "Antonio, Jorge Carlos"]
[Black "Mahdavi, Reza"]
[WhiteFideId "113190"]
[BlackFideId "12595926"]
[WhiteElo "2247"]
[BlackElo "2265"]
[Result "0-1"]
[Round "02"]
[TimeControl "180+1"]
[Date "2022.06.22"]
[WhiteClock "0:00:33"]
[BlackClock "0:00:38"]

1. d4 Nf6 2. Nf3 g6 3. c4 Bg7 4. Nc3 d6 5. e4 O-O 6. Be2 Bg4 7. O-O Bxf3 8. Bxf3 e5 9. dxe5 dxe5 10. Qxd8 Rxd8 11. h3 c6 12. Be3 Na6 13. a3 Nc7 14. b4 Ne6 15. Rfd1 Nd4 16. Ne2 Nc2 17. Rac1 Nxe3 18. fxe3 Kf8 19. c5 Ke7 20. Nc3 a5 21. b5 Nd7 22. bxc6 bxc6 23. Na4 Rab8 24. Rd6 Bh6 25. Kf2 Rb3 26. Rcd1 Bxe3+ 27. Kf1 Bd4 28. Rxc6 Rxa3 29. Nb6 Nxb6 30. cxb6 Rb3 31. Rc7+ Rd7 32. Rc6 Rxb6 33. Rxb6 Bxb6 34. Rxd7+ Kxd7 35. Ke2 Kc6 36. Kd3 Kb5 37. Kc3 Bd4+ 38. Kb3 a4+ 39. Ka2 Kb4 40. Bg4 Bc5 41. Bd7 a3 42. Bc6 Kc3 43. Bd5 f5 44. Bg8 fxe4 45. Bxh7 e3 46. Bxg6 e2 0-1


[Site "https://www.chess.com"]

[Event "Titled Tuesday Blitz June 21 Early 2022"]
[White "Arabidze, Meri"]
[Black "Shton, Roman"]
[WhiteFideId "13604040"]
[BlackFideId "14137461"]
[WhiteElo "2335"]
[BlackElo "2013"]
[Result "1-0"]
[Round "02"]
[TimeControl "180+1"]
[Date "2022.06.22"]
[WhiteClock "0:00:07"]
[BlackClock "0:00:08"]

1. Nf3 d5 2. g3 Nf6 3. Bg2 Bf5 4. O-O e6 5. d3 c6 6. Nh4 Bg4 7. h3 Bh5 8. g4 Nfd7 9. Nf3 Bg6 10. Bf4 Qf6 11. Qc1 e5 12. Bg3 e4 13. Nh4 Bc5 14. Nxg6 hxg6 15. dxe4 dxe4 16. Nc3 e3 17. fxe3 Qe7 18. Ne4 Na6 19. Qd2 Rd8 20. Rad1 f6 21. Nxc5 Naxc5 22. Bd6 Ne4 23. Bxe7 Nxd2 24. Rxd2 Kxe7 25. Rd4 Ne5 26. Rfd1 g5 27. Kf2 b6 28. b3 c5 29. Rd5 Rxd5 30. Rxd5 Ke6 31. c4 Ke7 32. Kg3 Ke6 33. Be4 Ke7 34. Bf5 Rd8 35. h4 gxh4+ 36. Kxh4 Rxd5 37. cxd5 c4 38. bxc4 Nxc4 39. e4 Nd2 40. g5 Nb1 41. gxf6+ gxf6 42. Kg4 Nc3 43. a3 Nxe2 44. Kf3 Nd4+ 45. Kf4 Nc2 46. a4 Nb4 47. Ke3 a5 48. Kd4 Kd6 49. Kc4 Kc7 50. Kb5 Nd3 51. d6+ Kxd6 52. Kxb6 Nb2 53. Kxa5 Kc5 54. Bd7 Nc4+ 55. Ka6 Kb4 56. Bb5 Nd6 57. Bc6 Nc4 58. Bd7 Na5 59. Bb5 Nb3 60. Kb6 Nc5 61. a5 Nxe4 62. a6 Nd6 63. Bd7 f5 64. Kc7 Nc4 65. a7 f4 66. a8=Q f3 67. Qb7+ Kc5 68. Qxf3 Ne5 69. Qf2+ Kd5 70. Bc6+ Nxc6 71. Qf3+ Kc4 72. Qxc6+ Kd4 73. Kd6 Ke3 74. Qd5 Kf4 75. Qe5+ Kg4 76. Ke6 Kh4 77. Qg7 Kh5 78. Kf5 Kh4 79. Qg4# 1-0


[Site "https://www.chess.com"]

[Event "Titled Tuesday Blitz June 21 Early 2022"]
[White "Aradhya, Garg"]
[Black "Tari, Aryan"]
[WhiteFideId "25006746"]
[BlackFideId "1510045"]
[WhiteElo "2203"]
[BlackElo "2567"]
[Result "0-1"]
[Round "02"]
[TimeControl "180+1"]
[Date "2022.06.21"]
[WhiteClock "0:00:26"]
[BlackClock "0:00:26"]

1. d4 d5 2. c4 e6 3. Nc3 c5 4. cxd5 cxd4 5. Qa4+ Bd7 6. Qxd4 exd5 7. Qxd5 Nf6 8. Qd1 Bc5 9. Nf3 O-O 10. e3 Qe7 11. Be2 Nc6 12. O-O Ne5 13. Nd5 Nxd5 14. Qxd5 Nxf3+ 15. Bxf3 Bc6 16. Qh5 g6 17. Qh6 Bxf3 18. gxf3 Rad8 19. Kg2 Rd5 20. e4 Rh5 21. Qd2 Qe6 22. Rh1 Qh3+ 23. Kg1 Qxf3 24. b4 Rh4 25. h3 Rxe4 26. bxc5 Re2 27. Rh2 Rfe8 28. Qxe2 Rxe2 29. Be3 h5 30. a4 a5 31. h4 Rb2 32. Rg2 Rb4 33. Bg5 f6 34. Be3 Rg4 35. Rxg4 Qxg4+ 36. Kf1 Qc4+ 37. Kg2 Qxh4 38. f3 Qc4 39. Bf2 g5 40. Rb1 Qd5 41. Rb6 Kf7 42. Rd6 Qf5 43. Rb6 g4 44. Rxb7+ Kg6 45. Rb3 Qc2 46. Rb8 Qxa4 47. fxg4 Qe4+ 48. Kf1 hxg4 49. Rg8+ Kf7 50. Rd8 Qf3 51. Kg1 g3 52. Bd4 Qe2 53. Rd6 Qh2+ 54. Kf1 g2+ 55. Ke1 g1=Q+ 56. Bxg1 Qxg1+ 57. Ke2 Qxc5 58. Rd7+ Ke6 59. Rd3 Qc4 60. Ke3 Qxd3+ 61. Kxd3 a4 62. Kc4 f5 63. Kb4 f4 64. Kxa4 f3 65. Kb3 f2 66. Kc2 f1=Q 67. Kd2 0-1


[Site "https://www.chess.com"]

[Event "Titled Tuesday Blitz June 21 Early 2022"]
[White "Araujo Sanchez, Josue"]
[Black "Ovezdurdyyeva, Jemal"]
[WhiteFideId "6416896"]
[BlackFideId "14001888"]
[WhiteElo "2339"]
[BlackElo "1946"]
[Result "1-0"]
[Round "02"]
[TimeControl "180+1"]
[Date "2022.06.22"]
[WhiteClock "0:00:12"]
[BlackClock "0:00:21"]

1. d4 Nf6 2. c4 g6 3. g3 d5 4. cxd5 Nxd5 5. Bg2 Bg7 6. Nf3 O-O 7. O-O b6 8. e4 Nf6 9. Nc3 Bb7 10. Re1 e6 11. Bf4 Na6 12. Qc1 c5 13. Bg5 cxd4 14. Rd1 e5 15. Nd5 Qd6 16. Nd2 Nxd5 17. exd5 Bxd5 18. Ne4 Qe6 19. Bh6 Rac8 20. Qd2 f5 21. Bxg7 Kxg7 22. Ng5 Qd6 23. f4 Bxg2 24. Kxg2 h6 25. Nf3 e4 26. Qxd4+ Qxd4 27. Nxd4 Rfd8 28. Ne6+ Kf6 29. Nxd8 Rc2+ 30. Kh3 Rxb2 31. Rd6+ Ke7 32. Rad1 Nc5 33. Nc6+ Kf7 34. Ne5+ Ke7 35. Nxg6+ Kf7 36. Ne5+ Ke7 37. Rxh6 Rxa2 38. Rdd6 1-0


[Site "https://www.chess.com"]

[Event "Titled Tuesday Blitz June 21 Early 2022"]
[White "Arpita, Mukherjee"]
[Black "Maltsevskaya, Aleksandra"]
[WhiteFideId "5056403"]
[BlackFideId "24174041"]
[WhiteElo "1934"]
[BlackElo "2243"]
[Result "0-1"]
[Round "02"]
[TimeControl "180+1"]
[Date "2022.06.22"]
[WhiteClock "0:00:12"]
[BlackClock "0:00:42"]

1. e4 c5 2. Nf3 e6 3. d4 cxd4 4. Nxd4 Nf6 5. Nc3 Nc6 6. Ndb5 Bc5 7. Nd6+ Ke7 8. Bf4 e5 9. Nf5+ Kf8 10. Bg5 h6 11. Bh4 d6 12. Bc4 Bxf5 13. exf5 Nd4 14. Qd3 a6 15. O-O b5 16. Bd5 Rc8 17. Ne4 Nxf5 18. Bxf6 gxf6 19. Nxc5 Rxc5 20. b4 Rxd5 21. Qxd5 Rg8 22. Rfd1 Qb6 23. a4 bxa4 24. Rxa4 Nd4 25. Kh1 Kg7 26. c3 Ne2 27. Qf3 Nf4 28. g3 Ne6 29. Ra2 Rc8 30. Rad2 Ng5 31. Qg4 Qb7+ 32. Kg1 Rxc3 33. h4 h5 34. Qxh5 Nf3+ 35. Kf1 Nxd2+ 36. Rxd2 Qh1+ 37. Ke2 Qe4+ 38. Kf1 Rc1+ 39. Rd1 Qh1+ 40. Ke2 Qxd1+ 0-1


[Site "https://www.chess.com"]

[Event "Titled Tuesday Blitz June 21 Early 2022"]
[White "Artemenko, Oleg"]
[Black "Melaugh, Shane"]
[WhiteFideId "14201798"]
[BlackFideId "2509580"]
[WhiteElo "2287"]
[BlackElo "1972"]
[Result "0-1"]
[Round "02"]
[TimeControl "180+1"]
[Date "2022.06.22"]
[WhiteClock "0:00:16"]
[BlackClock "0:00:09"]

1. e4 e6 2. d4 d5 3. e5 c5 4. c3 Nc6 5. Nf3 Nge7 6. a3 Ng6 7. b4 cxd4 8. cxd4 Be7 9. Bd3 O-O 10. O-O f6 11. exf6 Bxf6 12. Bxg6 hxg6 13. Nc3 g5 14. Re1 g4 15. Ne5 Bxe5 16. dxe5 Qh4 17. g3 Qh5 18. b5 Nxe5 19. Re3 Nf3+ 20. Rxf3 gxf3 21. Qf1 Bd7 22. Be3 Rac8 23. Bd4 e5 24. Nxd5 exd4 25. Ne7+ Kh8 26. Nxc8 Rxc8 27. a4 Qh3 28. Rd1 Rc4 29. a5 Qxf1+ 30. Kxf1 Bxb5 31. Ke1 Ba4 32. Rb1 Bc6 33. Rb2 Kg8 34. Kd2 Kf7 35. g4 Ke6 36. h4 Ke5 37. g5 Ra4 38. a6 Rxa6 39. h5 Bd5 40. h6 gxh6 41. gxh6 Rxh6 42. Rb5 Rb6 43. Ra5 Rb2+ 44. Kd3 Rb3+ 45. Kd2 a6 46. Rc5 Kd6 47. Rc8 b5 48. Rd8+ Kc5 49. Rc8+ Kb4 50. Rd8 Bc4 51. Rxd4 Rb2+ 52. Ke3 Rb3+ 53. Kf4 a5 54. Rd8 a4 55. Ra8 a3 56. Ke4 Rb2 57. Kd4 Rxf2 58. Ra7 a2 59. Ke3 Re2+ 60. Kd4 f2 61. Ra4+ Kxa4 62. Kc5 f1=Q 63. Kc6 Qf5 64. Kc7 Re7+ 65. Kb8 Qf8# 0-1


[Site "https://www.chess.com"]

[Event "Titled Tuesday Blitz June 21 Early 2022"]
[White "Avazkhonov, Alikhon"]
[Black "Kalaiyalahan, Akshaya"]
[WhiteFideId "14208504"]
[BlackFideId "422894"]
[WhiteElo "1739"]
[BlackElo "1913"]
[Result "1-0"]
[Round "02"]
[TimeControl "180+1"]
[Date "2022.06.22"]
[WhiteClock "0:01:49"]
[BlackClock "0:01:13"]

1. d4 Nf6 2. c4 c5 3. d5 g6 4. Nc3 Bg7 5. e4 d6 6. f4 O-O 7. Nf3 Nfd7 8. Bd3 Na6 9. O-O Nc7 10. Re1 a6 11. e5 Rb8 12. b3 b5 13. Bb2 bxc4 14. Bxc4 Nb6 15. Qd2 Bg4 16. Ng5 h6 17. Nge4 dxe5 18. fxe5 Nxc4 19. bxc4 Bxe5 20. Qxh6 Rxb2 21. Ng5 1-0


[Site "https://www.chess.com"]

[Event "Titled Tuesday Blitz June 21 Early 2022"]
[White "Bachmann, Axel"]
[Black "Wagner, Dinara"]
[WhiteFideId "3700488"]
[BlackFideId "24157570"]
[WhiteElo "2777"]
[BlackElo "2562"]
[Result "1-0"]
[Round "02"]
[TimeControl "180+1"]
[Date "2022.06.22"]
[WhiteClock "0:00:49"]
[BlackClock "0:00:02"]

1. e4 c5 2. Nf3 d6 3. d4 cxd4 4. Nxd4 Nf6 5. Nc3 a6 6. Be2 e6 7. Be3 h5 8. O-O Be7 9. f4 Nc6 10. e5 dxe5 11. Nxc6 Qxd1 12. Raxd1 bxc6 13. fxe5 Nd5 14. Bd2 Nxc3 15. Bxc3 g6 16. Rf4 O-O 17. Bf3 Rb8 18. Bxc6 Bb7 19. Bxb7 Rxb7 20. Rc4 Rfb8 21. b3 Rb5 22. a4 R5b7 23. Rc6 Ra8 24. Ba5 Bb4 25. Rd8+ Rxd8 26. Bxd8 Rd7 27. Bf6 Kh7 28. c3 Ba3 29. Rxa6 Bc1 30. Rd6 Rc7 31. c4 Rb7 32. Rd3 g5 33. a5 Kg6 34. Kf2 Kf5 35. a6 Ra7 36. Rd6 Bb2 37. b4 Ba3 38. Rb6 Ke4 39. Bxg5 Kd4 40. Be3+ Kxc4 41. Rc6+ Kb5 42. Bxa7 Kxc6 43. Bc5 Bb2 44. b5+ Kc7 45. b6+ Kb8 46. Bd6+ Kc8 47. b7+ Kd7 48. b8=Q 1-0


[Site "https://www.chess.com"]

[Event "Titled Tuesday Blitz June 21 Early 2022"]
[White "Barp, Alberto"]
[Black "Barbashin, Igor"]
[WhiteFideId "872555"]
[BlackFideId "4155718"]
[WhiteElo "2709"]
[BlackElo "2294"]
[Result "1-0"]
[Round "02"]
[TimeControl "180+1"]
[Date "2022.06.22"]
[WhiteClock "0:01:43"]
[BlackClock "0:01:00"]

1. d4 Nf6 2. Bg5 g6 3. Bxf6 exf6 4. g3 Bg7 5. Bg2 O-O 6. e3 f5 7. Ne2 d6 8. Nd2 Nc6 9. O-O Ne7 10. c4 Rb8 11. b4 c6 12. a4 d5 13. Qc2 Be6 14. Nf4 Qd7 15. Nb3 b6 16. Nd2 Rfc8 17. Rfc1 a5 18. bxa5 bxa5 19. Rab1 Bf8 20. Nb3 dxc4 21. Nxa5 Nd5 22. Nxe6 fxe6 23. Qxc4 Rxb1 24. Rxb1 Bb4 25. Bxd5 1-0


[Site "https://www.chess.com"]

[Event "Titled Tuesday Blitz June 21 Early 2022"]
[White "Begunov, Konstantin"]
[Black "Lewtak, Damian"]
[WhiteFideId "4118510"]
[BlackFideId "1141724"]
[WhiteElo "2262"]
[BlackElo "2379"]
[Result "1-0"]
[Round "02"]
[TimeControl "180+1"]
[Date "2022.06.22"]
[WhiteClock "0:01:47"]
[BlackClock "0:02:02"]

1. d4 b6 2. c4 Bb7 3. Nc3 g6 4. e4 Bg7 5. Be3 d6 6. Qd2 Nd7 7. Bd3 e5 8. Nge2 exd4 9. Nxd4 Ne7 10. O-O Nc5 11. Bc2 Ne6 12. Ba4+ Kf8 13. Nd5 Nc6 14. Nxc6 1-0


[Site "https://www.chess.com"]

[Event "Titled Tuesday Blitz June 21 Early 2022"]
[White "Bharath Subramaniyam H"]
[Black "Poltorak, Sebastian"]
[WhiteFideId "46634827"]
[BlackFideId "1199498"]
[WhiteElo "2815"]
[BlackElo "2578"]
[Result "1-0"]
[Round "02"]
[TimeControl "180+1"]
[Date "2022.06.22"]
[WhiteClock "0:00:10"]
[BlackClock "0:00:01"]

1. d4 Nf6 2. Nf3 g6 3. Nc3 d5 4. Bf4 b6 5. Nb5 Na6 6. Ne5 Bb7 7. c4 c6 8. Nc3 Bg7 9. Qa4 Rc8 10. cxd5 Nxd5 11. e4 Nxf4 12. Bxa6 Bxa6 13. Qxa6 Bxe5 14. dxe5 Nd3+ 15. Ke2 Nxe5 16. Rhd1 Qc7 17. Rac1 Rd8 18. Rxd8+ Qxd8 19. f4 Nd7 20. Qb7 O-O 21. Rd1 Nc5 22. Qxa7 Qc8 23. Kf3 h5 24. h3 Rd8 25. Qxb6 Rxd1 26. Nxd1 Nd7 27. Qd4 e5 28. fxe5 Nf8 29. Ne3 Qa6 30. Qc4 Qa5 31. Qxc6 Qxa2 32. Qc3 Ne6 33. Nd5 Qb1 34. Kf2 Kg7 35. Nf6 Nf4 36. Qd2 g5 37. Nd5 Ne6 38. Nc3 Qa1 39. b4 Qa7+ 40. Qe3 Qc7 41. b5 Nf4 42. b6 Qxe5 43. b7 Ne6 44. Qb6 Qxc3 45. b8=Q Qc2+ 46. Kg1 Qd1+ 47. Kh2 Nf4 48. Qe5+ Kh7 49. Qf5+ 1-0


[Site "https://www.chess.com"]

[Event "Titled Tuesday Blitz June 21 Early 2022"]
[White "Bluebaum, Matthias"]
[Black "Pulpan, Jakub"]
[WhiteFideId "24651516"]
[BlackFideId "302759"]
[WhiteElo "2556"]
[BlackElo "2495"]
[Result "1-0"]
[Round "02"]
[TimeControl "180+1"]
[Date "2022.06.21"]
[WhiteClock "0:00:16"]
[BlackClock "0:00:05"]

1. d4 Nf6 2. c4 e6 3. Nc3 Bb4 4. e3 O-O 5. Bd2 b6 6. Bd3 Bb7 7. Nf3 c5 8. a3 Bxc3 9. Bxc3 cxd4 10. exd4 d5 11. b3 dxc4 12. bxc4 Nbd7 13. O-O Rc8 14. Rc1 Be4 15. Re1 Bg6 16. Bxg6 hxg6 17. Bb2 Re8 18. Qa4 Qc7 19. Red1 Qb7 20. h3 Red8 21. Qb3 Qe4 22. Rc3 a6 23. a4 Qc6 24. d5 exd5 25. cxd5 Qb7 26. Rxc8 Qxc8 27. d6 Nc5 28. Qa2 Qe6 29. Qxe6 fxe6 30. a5 bxa5 31. Ne5 Nd5 32. Ba3 Ne4 33. Nc6 Rd7 34. Re1 Nxd6 35. Rxe6 Nf5 36. Ne5 Rb7 37. Rxa6 Nf6 38. Rxa5 Kh7 39. Rc5 Nd4 40. f3 Rb1+ 41. Kh2 Re1 42. Rc4 Rxe5 43. Rxd4 Rd5 44. Bb2 Rxd4 45. Bxd4 Nd5 46. Kg3 g5 47. Kf2 Kg6 48. Be5 Kf7 49. Ke2 g6 50. Kd3 Ke6 51. Ke4 Nb4 52. Bd4 Nd5 53. Be3 Nf6+ 54. Kd4 Nh7 55. g4 Nf8 56. Bxg5 Nd7 57. Ke4 Nc5+ 58. Ke3 Nd7 59. Bh4 Ne5 60. Be1 Kf7 61. Bc3 Nc4+ 62. Kd3 Nb6 63. Ke4 Nd7 64. f4 Nc5+ 65. Kd4 Ne6+ 66. Ke5 Nc5 67. f5 gxf5 68. Kxf5 Nb7 69. g5 Nd6+ 70. Kg4 Ne4 71. Bd4 Nd6 72. h4 Ke6 73. h5 Nf5 74. Bb2 Ne3+ 75. Kf4 Nd5+ 76. Ke4 Ne7 77. g6 Ng8 78. Kf4 Ne7 79. Kg5 Nd5 80. h6 Ne7 81. h7 1-0


[Site "https://www.chess.com"]

[Event "Titled Tuesday Blitz June 21 Early 2022"]
[White "Boder, Jan"]
[Black "Bryakin, Mikhail"]
[WhiteFideId "16243226"]
[BlackFideId "4165314"]
[WhiteElo "2435"]
[BlackElo "2751"]
[Result "0-1"]
[Round "02"]
[TimeControl "180+1"]
[Date "2022.06.22"]
[WhiteClock "0:00:03"]
[BlackClock "0:01:53"]

1. c4 g6 2. g3 Bg7 3. Bg2 c5 4. Nc3 Nc6 5. a3 e6 6. b4 d6 7. b5 Ne5 8. Nf3 Nxc4 9. O-O Ne7 10. d4 d5 11. Bf4 O-O 12. a4 Nf5 13. Be5 f6 14. Bf4 g5 15. Bc1 g4 16. Ne1 cxd4 17. Na2 e5 18. Nd3 b6 19. Nab4 Be6 20. Nc6 Qd7 21. Ndb4 Rfe8 22. e3 dxe3 23. Qe2 d4 24. fxe3 Nfxe3 25. Bxe3 Nxe3 26. Rfc1 Rac8 27. Rab1 h5 28. Rb2 h4 29. Nd3 hxg3 30. hxg3 Bf5 31. Nf2 Bh6 32. Re1 Nxg2 33. Kxg2 Be3 34. Rf1 Kg7 35. Rh1 Qd5+ 36. Kg1 Rh8 37. Rxh8 Rxh8 38. Kf1 Rh1+ 39. Nxh1 Qxh1# 0-1


[Site "https://www.chess.com"]

[Event "Titled Tuesday Blitz June 21 Early 2022"]
[White "Borisova, Ekaterina"]
[Black "Cramling Bellon, Anna"]
[WhiteFideId "34124184"]
[BlackFideId "32009232"]
[WhiteElo "2039"]
[BlackElo "1905"]
[Result "1-0"]
[Round "02"]
[TimeControl "180+1"]
[Date "2022.06.22"]
[WhiteClock "0:01:01"]
[BlackClock "0:00:01"]

1. d4 Nf6 2. c4 e6 3. g3 d5 4. Nf3 Bb4+ 5. Nbd2 Bd6 6. Bg2 c6 7. O-O O-O 8. Qc2 Nbd7 9. Rd1 Qc7 10. b3 Re8 11. Bb2 dxc4 12. Nxc4 Bf8 13. e4 c5 14. d5 exd5 15. exd5 Bd6 16. a4 b6 17. Nfd2 Bb7 18. Nxd6 Qxd6 19. Nc4 Qf8 20. Qf5 Rad8 21. Qf4 Ba6 22. Nd6 Re2 23. Bc3 Nh5 24. Qg5 Ndf6 25. Nf5 Kh8 26. d6 h6 27. Nxh6 gxh6 28. Bxf6+ Nxf6 29. Qxf6+ Kg8 30. d7 Re6 31. Qf4 Qe7 32. Bh3 Rf6 33. Qc7 Rf8 34. d8=Q 1-0


[Site "https://www.chess.com"]

[Event "Titled Tuesday Blitz June 21 Early 2022"]
[White "Bortnyk, Mykola"]
[Black "Jaracz, Pawel"]
[WhiteFideId "14120836"]
[BlackFideId "1102222"]
[WhiteElo "2582"]
[BlackElo "2459"]
[Result "1/2-1/2"]
[Round "02"]
[TimeControl "180+1"]
[Date "2022.06.21"]
[WhiteClock "0:00:48"]
[BlackClock "0:00:32"]

1. e4 c5 2. c3 Nf6 3. e5 Nd5 4. d4 cxd4 5. Qxd4 e6 6. Bc4 Nc6 7. Qe4 d6 8. Nf3 dxe5 9. Nxe5 Nxe5 10. Qxe5 Qc7 11. Qxc7 Nxc7 12. Bf4 Nd5 13. Bxd5 exd5 14. Nd2 Be6 15. Nf3 Bc5 16. Be3 Be7 17. Nd4 O-O 18. O-O-O Rfc8 19. Rhe1 Bf6 20. Nb3 a5 21. Nd4 a4 22. Kd2 b5 23. a3 Bxd4 24. Bxd4 Re8 25. f3 f6 26. g4 Bd7 27. Be3 Bc6 28. Kd3 d4 29. Bxd4 Bxf3 30. Rxe8+ Rxe8 31. Rg1 Kf7 32. Rg3 Be2+ 33. Kd2 g5 34. Rg2 Bc4 35. Rf2 Re6 36. h4 h6 37. hxg5 hxg5 38. Be3 Kg6 39. Bd4 Bd5 40. Rf5 Bc4 41. Rf2 Kf7 42. Be3 Ke7 43. Bc5+ Kf7 44. Be3 1/2-1/2


[Site "https://www.chess.com"]

[Event "Titled Tuesday Blitz June 21 Early 2022"]
[White "Boyer, Mahel"]
[Black "Namitbir Singh Walia"]
[WhiteFideId "45102422"]
[BlackFideId "35071068"]
[WhiteElo "2400"]
[BlackElo "1565"]
[Result "1-0"]
[Round "02"]
[TimeControl "180+1"]
[Date "2022.06.22"]
[WhiteClock "0:00:05"]
[BlackClock "0:00:54"]

1. d4 c5 2. dxc5 Nf6 3. a3 a5 4. Nc3 e6 5. e4 Bxc5 6. e5 Ng8 7. Ne4 Be7 8. Nd6+ Kf8 9. Be3 Nc6 10. f4 Nh6 11. Nf3 Nf5 12. Nxf5 exf5 13. Bc4 d6 14. exd6 Qxd6 15. Qxd6 Bxd6 16. O-O-O Be7 17. Bb6 Be6 18. Bxe6 fxe6 19. Rd7 Rb8 20. Re1 Ke8 21. Rc7 Nd8 22. Nd4 Bd6 23. Rxg7 Bxf4+ 24. Kb1 e5 25. Nxf5 Nc6 26. g3 Bd2 27. Rd1 Rf8 28. Nd6# 1-0


[Site "https://www.chess.com"]

[Event "Titled Tuesday Blitz June 21 Early 2022"]
[White "Buscar, Michael"]
[Black "Lagno, Kateryna"]
[WhiteFideId "2603616"]
[BlackFideId "14109336"]
[WhiteElo "2010"]
[BlackElo "2522"]
[Result "1/2-1/2"]
[Round "02"]
[TimeControl "180+1"]
[Date "2022.06.22"]
[WhiteClock "0:00:21"]
[BlackClock "0:00:34"]

1. d4 Nf6 2. c4 g6 3. Nc3 d5 4. cxd5 Nxd5 5. e4 Nxc3 6. bxc3 Bg7 7. Bc4 c5 8. Ne2 Nc6 9. Be3 O-O 10. h4 Na5 11. Bd3 cxd4 12. cxd4 Nc6 13. Bc2 h5 14. Qd2 Qa5 15. Qxa5 Nxa5 16. Rd1 Bd7 17. f3 Rfc8 18. Bb1 Ba4 19. Rc1 Nc4 20. Bf4 e5 21. dxe5 Nxe5 22. Kf2 Nc6 23. Bc2 Bxc2 24. Rxc2 Nb4 25. Rd2 b5 26. Rb1 a5 27. Bd6 Rc4 28. a3 Nc2 29. Rxb5 Rd8 30. Rxa5 Bh6 31. Rd3 Rc6 32. Rad5 Ne3 33. R5d4 Nc2 34. Rd5 Ne3 35. R5d4 Nc2 36. Rd5 1/2-1/2


[Site "https://www.chess.com"]

[Event "Titled Tuesday Blitz June 21 Early 2022"]
[White "Cherniaiev, Tykhon"]
[Black "Kvaloy, Aksel Bu"]
[WhiteFideId "14182360"]
[BlackFideId "1528815"]
[WhiteElo "2726"]
[BlackElo "2354"]
[Result "1-0"]
[Round "02"]
[TimeControl "180+1"]
[Date "2022.06.22"]
[WhiteClock "0:00:38"]
[BlackClock "0:00:02"]

1. Nf3 c5 2. c4 Nc6 3. g3 d6 4. Bg2 g6 5. O-O Bg7 6. Nc3 e5 7. e3 Nge7 8. d4 exd4 9. exd4 cxd4 10. Nb5 O-O 11. Nbxd4 Qb6 12. Nxc6 Nxc6 13. Qxd6 Rd8 14. Qf4 Be6 15. Be3 Qxb2 16. Rab1 Qc3 17. Rfc1 Qa3 18. Rxb7 Na5 19. Rbb1 Rac8 20. Ng5 Rxc4 21. Rxc4 Bxc4 22. Qc7 Qd3 23. Be4 Qxb1+ 24. Bxb1 Rd1+ 25. Kg2 Rxb1 26. Qxa5 h6 27. Qd8+ Bf8 28. Bc5 Bd5+ 29. Qxd5 hxg5 30. Qd8 1-0


[Site "https://www.chess.com"]

[Event "Titled Tuesday Blitz June 21 Early 2022"]
[White "Chigaev, Maksim"]
[Black "Williams, Simon K"]
[WhiteFideId "4108116"]
[BlackFideId "404454"]
[WhiteElo "2457"]
[BlackElo "2468"]
[Result "1-0"]
[Round "02"]
[TimeControl "180+1"]
[Date "2022.06.21"]
[WhiteClock "0:00:31"]
[BlackClock "0:00:09"]

1. Nf3 f5 2. d3 Nc6 3. e4 e5 4. g3 Nf6 5. exf5 d5 6. Bh3 Bc5 7. O-O O-O 8. c3 e4 9. Ng5 exd3 10. Qxd3 Ne5 11. Qb5 Bb6 12. Bf4 c6 13. Qe2 Nc4 14. Nd2 Nd6 15. Ne6 Bxe6 16. fxe6 Nde4 17. Nxe4 Nxe4 18. Be3 Bc7 19. Bg2 Qe7 20. Bxe4 dxe4 21. Qc4 Rae8 22. Qxe4 Qxe6 23. Qxe6+ Rxe6 24. Rad1 Bb6 25. Bxb6 axb6 26. Rfe1 Rxe1+ 27. Rxe1 Kf7 28. Rd1 Ke6 29. Kf1 b5 30. a3 g5 31. Ke2 g4 32. h3 h5 33. hxg4 hxg4 34. Rd4 Rg8 35. Ke3 Kf5 36. Rf4+ Kg5 37. Rf7 Re8+ 38. Kd3 Rd8+ 39. Kc2 Rd6 40. f3 gxf3 41. Rxf3 Kg4 42. Rf7 Kxg3 43. Rxb7 Kf4 44. Re7 Kf5 45. Kb3 Kf6 46. Re2 c5 47. a4 bxa4+ 48. Kc4 Ra6 49. Kxc5 a3 50. bxa3 Rxa3 51. c4 Ra4 52. Kb5 Ra1 53. c5 Rb1+ 54. Ka6 Ra1+ 55. Kb6 Rb1+ 56. Kc7 Kf7 57. c6 Rb5 58. Kc8 1-0


[Site "https://www.chess.com"]